 Dungeon Crawl Stone Soup version 0.17.0-24-gcfadda4 (webtiles) character file.

190 Sorcv the Sneak (level 5, -4/40 HPs)
             Began as a Mummy Enchanter on Nov 15, 2015.
             Slain by an ogre
             ... wielding a +0 giant club
              (21 damage)
             ... on level 4 of the Dungeon.
             The game lasted 00:10:11 (2608 turns).

Sorcv the Sneak (Mummy Enchanter)                   Turns: 2608, Time: 00:10:11

Health: -4/40      AC:  7    Str: 12    XL:     5   Next: 41%
Magic:  4/8        EV: 12    Int: 14    God:
Gold:   163        SH:  0    Dex: 13    Spells: 3 memorised, 2 levels left

rFire  x . .     SeeInvis .     e - +0 dagger (pain)
rCold  + . .     Clarity  .     b - +1 robe
rNeg   + + +     SustAt   .     (no shield)
rPois  ∞         Gourm    .     (no helmet)
rElec  .         Spirit   .     (no cloak)
rCorr  .         Warding  .     (no gloves)
rMut   .         Stasis   .     (no boots)
MR     .....                    (no amulet)
Stlth  ++........               h - +4 ring of protection
                                p - +4 ring of slaying

@: not resistant to hostile enchantments, unstealthy
A: no food or potions, fire vulnerability, cold resistance 1, negative energy
resistance 3, torment resistance, unbreathing
a: no special abilities


You were on level 4 of the Dungeon.
You were not hungry.

You visited 1 branch of the dungeon, and saw 4 of its levels.

You collected 163 gold pieces.

Inventory:

Hand Weapons
 a - a +1 dagger
 e - a +0 dagger of pain (weapon)
Armour
 b - a +1 robe (worn)
Jewellery
 d - a +2 ring of dexterity
 h - a +4 ring of protection (right hand)
 p - a +4 ring of slaying (left hand)
Wands
 k - a wand of flame (30)
Scrolls
 f - 4 scrolls of teleportation {unknown}
 g - a scroll of identify {unknown}
 i - 2 scrolls of immolation {unknown}
 j - a scroll of enchant armour {unknown}
 l - a scroll of blinking {unknown}
 m - a scroll of magic mapping {unknown}
 n - a scroll of remove curse {unknown}
 o - a scroll of fear {unknown}
Books
 c - a book of Maledictions

   Spells                             Type                      Level
   a - Corona                         Hexes                        1
   b - Ensorcelled Hibernation        Hexes/Ice                    2
   c - Confuse                        Hexes                        3
   d - Tukima's Dance                 Hexes                        3
   e - Dazzling Spray                 Conjuration/Hexes            3


   Skills:
 + Level 2.8 Fighting
 + Level 2.3 Short Blades
 - Level 1.5 Dodging
 + Level 3.6 Stealth
 - Level 2.0 Spellcasting
 - Level 3.0 Hexes


You had 2 spell levels left.
You knew the following spells:

 Your Spells              Type           Power        Failure   Level  Hunger
a - Corona                Hex            #......      10%         1    N/A
b - Ensorcelled Hibernat  Hex/Ice        #.....       21%         2    N/A
c - Confuse               Hex            #.......     21%         3    N/A

Dungeon Overview and Level Annotations

Branches:
Dungeon (4/15)
 Temple: D:4-7

Altars:
Ru
Xom

Annotations:
D:3 chonchonts's ghost, amateur MiFi


Innate Abilities, Weirdness & Mutations

You do not eat or drink.
Your flesh is vulnerable to fire.
You are immune to poison.
Your flesh is cold resistant.
You are immune to negative energy.
You are immune to unholy pain and torment.
You can survive without breathing.


Message History

The adder barely misses you. The adder bites you.
You hit the adder but do no damage.
The adder is moderately wounded.
The adder bites you.
You hit the adder.
The adder is moderately wounded.
The adder barely misses you.
You hit the adder.
The adder is almost dead.
The adder closely misses you.
You puncture the adder!
You kill the adder!
Casting: Ensorcelled Hibernation
Confirm with . or Enter, or press ? or * to list all spells.
Aiming: Ensorcelled Hibernation
Press: ? - help, Shift-Dir - straight line, f - ogre
Aim: an ogre, wielding a giant club (chance to defeat MR: 37%)
The ogre easily resists.
The ogre hits you with a giant club!!
Ouch! That really hurt!
You die...

##### ##...## #.....# ###
###.....#### #.#
#.O.........
#+++##.#####@#.....##
####88.88#....#..#.....##...
....##.<.####...##.[........
....##..###....####.........
....##......#....(..........
<†......#####...(......O....
.....##.# ##.........?$.....
.......%###..^^^............
.........##..^_.............


You could see an ogre.

Vanquished Creatures
  An orc priest (D:3)
  An orc wizard (D:3)
  Natasha (D:4)
  An iguana (D:4)
  2 adders
  3 giant geckos
  3 orcs (D:3)
  11 bats
  2 giant cockroaches
  6 goblins
  9 hobgoblins
  2 jackals (D:4)
  7 kobolds
  A giant gecko skeleton (D:4)
  5 giant newts
  8 rats
63 creatures vanquished.

Notes
Turn   | Place    | Note
--------------------------------------------------------------
     0 | D:1      | Sorcv the Mummy Enchanter began the quest for the Orb.
     0 | D:1      | Reached XP level 1. HP: 13/13 MP: 3/3
   358 | D:1      | Reached XP level 2. HP: 15/20 MP: 5/5
   365 | D:1      | Reached skill level 1 in Short Blades
   372 | D:1      | Learned a level 2 spell: Ensorcelled Hibernation
   510 | D:1      | Reached skill level 3 in Hexes
   646 | D:1      | Reached skill level 1 in Fighting
  1125 | D:1      | Reached XP level 3. HP: 26/26 MP: 4/6
  1318 | D:2      | Learned a level 3 spell: Confuse
  1815 | D:2      | Found a faded altar to an unknown god.
  1950 | D:2      | Found a sacrificial altar of Ru.
  2055 | D:3      | Reached XP level 4. HP: 25/34 MP: 7/7
  2127 | D:3      | Noticed chonchonts's ghost (amateur MiFi)
  2471 | D:4      | Reached XP level 5. HP: 39/39 MP: 3/8
  2482 | D:4      | Found a shimmering altar of Xom.
  2483 | D:4      | Noticed Natasha
  2504 | D:4      | Killed Natasha
  2596 | D:4      | Noticed an ogre
  2608 | D:4      | Slain by an ogre

Action                   |  1- 3 |  4- 6 || total
-------------------------+-------+-------++-------
Melee: Dagger            |   235 |    44 ||   279
 Cast: Corona            |    11 |       ||    11
       Ensorcelled Hiber |    13 |    11 ||    24
 Stab: Sleeping          |    11 |     6 ||    17
